Workbook
Name Decision: [1]lista!$A$6:$A$7
Name Decision: [2]lista!$A$6:$A$7
Name PARTICIPACION: [1]lista!$A$15:$A$17
Name PARTICIPACION: [2]lista!$A$15:$A$17
Name Procedencia: [1]lista!$A$2:$A$3
Name Procedencia: [2]lista!$A$2:$A$3
Name tipo: [1]lista!$A$11:$A$13
Name tipo: [2]lista!$A$11:$A$13
Name x: [3]lista!$A$11:$A$13
Name x: [4]lista!$A$11:$A$13

Sheet AGENCIA
B10: COTIZACIÓN - AGENCIA
B12: EMPRESA | H12: NIT: | K12: FECHA:
B13: CONTACTO | H13: CARGO: | K13: TEL. CELULAR :
B14: E-MAIL: | H14: DIRECCIÓN: | K14: TELEFONO FIJO:
B16: Instrucciones para el diligenciamiento del formato de cotización
B17: • Por favor diligenciar solo las celdas en AMARILLO. Se deben llenar todas las casillas. • Revisar todos los requerimientos que se exponen en el documento "Ficha de Condiciones Técnicas" y Anexos; y formular su cotización en concordancia con este. • En el cuadro No.1 Asignar precio sin incluir el IVA en las celdas de las columna "H" y asignar la tarifa de IVA que corresponda en las celdas de la columna "F" • En el cuadro No.2 Asignar porcentaje de comision incluyendo el IVA en las celdas de las columnas "H, J, L" y asignar la tarifa de IVA que corresponda en las celdas de la columna "F" • El valor de la cotización deber ser expresado en PESOS COLOMBIANOS. • Los valores unitarios deberán aproximarse por exceso o por defecto al entero más cercano. Si la cifra no está aproximada y aparece con centavos, el ICBF aproximará al entero inferior. • No modificar, agregar o quitar ningún ítem o sub-ítem.
B18: Notas: (1) Se estima el plazo de ejecución en 5,5 meses, teniendo en cuenta el tiempo requerido para elaborar estudios previos y adelantar el proceso de selección. De igual forma se considera que en la FCT se establece el plazo de ejecución hasta el 31 de diciembre de 2015 (2) El personal mínimo requerido para cada uno de los escenarios se encuentra detallado en los Anexos No. 1, 2 y 3.. (3) Para los EJES 2, 3 y 4 se pagarán dos conceptos: el valor de cada pieza, pauta y/o taller efectivamente realizado y recibido a sitisfacción en ejecución del contrato contra factura como se especifica en FCT y una comision para el contratista sobre el valor ejecutado. Se solicita cotizar el porcentaje de comisión para la Agencia sobre el presupuesto ejecutado en estos 3 ejes.
B20: Plazo de ejecución (meses) (1) | E20: 5.5
B22: Cuadro No 1: Tarifa Fija Mensual para Eje 1: Estrategias de Comunicación
B23: Ítem | C23: Elementos | F23: Tarifa IVA | G23: Personal Minimo Requerido (Nota 2) | H23: Valor mesual sin IVA | I23: Valor mensual IVA incluido | J23: Valor Total sin IVA | K23: Valor Total IVA incluido
B24: Eje 1 | C24: Estrategias de Comunicación. | G24: Escenario 1 | I24: =+ROUND(H24*(1+$F$24),0) -> 0 | J24: =H24*$E$20 -> 0 | K24: =I24*$E$20 -> 0
G25: Escenario 2 | I25: =+ROUND(H25*(1+$F$24),0) -> 0 | J25: =H25*$E$20 -> 0 | K25: =I25*$E$20 -> 0
G26: Escenario 3 | I26: =+ROUND(H26*(1+$F$24),0) -> 0 | J26: =H26*$E$20 -> 0 | K26: =I26*$E$20 -> 0
B28: Cuadro No 2: (Nota 3) Comision porcentual por unidad ejecutada para los Ejes 2, 3 y 4
B29: Ítem | C29: Elementos | F29: Tarifa IVA | G29: Rango Presupuesto total (desde - hasta) | H29: % con IVA | I29: Rango Presupuesto total (desde - hasta) | J29: % con IVA | K29: Rango Presupuesto total (desde - hasta) | L29: % con IVA
B30: Eje 2 | C30: Comision en producción de piezas de comunicación realizadas y movilizaciones ejecutadas. | G30: $1,000,000,000 - $2,000,000,000 | I30: $1,000,000,001 - $2,000,000,000 | K30: $2,000,000,001 - $3,000,000,000
B31: Eje 3 | C31: Comision en plan de medios ejecutados.
B32: Eje 4 | C32: Comision en talleres de sensibilización ejecutados.
B34: La presente cotización:
B35: • Incluye todos los costos y gastos directos e indirectos en que debe incurrir el contratista durante la ejecución del contrato de acuerdo con las especificaciones de la Ficha de Condiciones Técnicas, las obligaciones tributarias de acuerdo con las normas aplicables para el tipo de servicio y contrato correspondiente, y los costos de las pólizas. • Se remite como parte del estudio de mercado, previo a la contratación, y no implica ninguna obligación de contratar. • Tiene una vigencia de 90 dias a partir de la fecha de diligenciamiento.
B36: Inscripción en el Registro Único de Proponentes: Las personas naturales y jurídicas, nacionales o extranjeras, con domicilio en Colombia, interesadas en participar en procesos de contratación convocados por las entidades estatales, deben estar inscritas en el RUP, salvo las excepciones previstas de forma taxativa en la ley (Artículo 8 del Decreto 1510 de 2013). Se aclara que esta inscripción no se requiere para remitir cotización durante el estudio de mercado.

Sheet INFO GENERAL Y FINANCIERA
B8: Formato Información General Y Financiera De Proveedores
B10: Ciudad | M10: Fecha Dd/mm/aa | AD10: Persona Natural
AD11: Persona Jurídica
B12: 1. Información General
B13: 1.1. Identificación.
B14: Personas naturales | F14: Nombre Comercial | U14: Nombres y Apellidos | AK14: Cédula
B16: Personas jurídicas | F16: Razón Social | U16: NIT | AK16: DV
B18: Dirección | U18: Teléfono | AD18: Fax | AK18: Ciudad
B20: Pagina Web | U20: Años de Constitución | AD20: Sector al que pertenece
B22: 1.2. Personas De Contacto
B23: Gerente General | K23: E-mail | U23: Teléfono | AD23: Ext. | AK23: Celular
B25: Director Comercial | K25: E-mail | U25: Teléfono | AD25: Ext. | AK25: Celular
B27: Asesor Comercial | K27: E-mail | U27: Teléfono | AD27: Ext. | AK27: Celular
B29: 1.3. Productos Y Servicios Inscritos En El Rup De Acuerdo Con El Unspsc
B30: Incluir Listado Con Breve Descripción De Los Productos Y/o Servicios Que Ofrece La Compañía, Registrados En El Rup (agregue Las Filas Necesarias) | AK30: Código de Naciones Unidas
B36: 1.4. Códigos CIIU | AK36: 1.5. Número De Empleados
B37: Código De Actividad | F37: Descripción Actividad Económica CIIU | AD37: Tarifa ICA
B41: 2. Información Financiera
B42: Nombre Del Indicador | J42: Cuenta | R42: Valores En Pesos a Diciembre 31 De 2013 | Y42: Valores En Pesos a Diciembre 31 De 2014 | AF42: Indicador 2013 | AJ42: Indicador 2014 | AN42: Veces- Porcentaje
B43: Capacidad Financiera | D43: índice De Liquidez | J43: Activo Corriente --> | AF43: =+IFERROR(R43/R44,0) -> 0 | AJ43: =+IFERROR(Y43/Y44,0) -> 0 | AN43: Veces
J44: Pasivo Corriente -->
D45: Índice De Endeudamiento | J45: Pasivo Total--> | AF45: =+IFERROR(R45/R46,0) -> 0 | AJ45: =+IFERROR(Y45/Y46,0) -> 0 | AN45: Porcentaje
J46: Activo Total-->
D47: Razón De Cobertura De Intereses | J47: Utilidad Operacional--> | AF47: =+IFERROR(R47/R48,0) -> 0 | AJ47: =+IFERROR(Y47/Y48,0) -> 0 | AN47: Veces
J48: Gastos De Interés-->
D49: Capital de Trabajo | J49: Activo Corriente--> | AF49: =+R49-R50 -> 0 | AJ49: =+Y49-Y50 -> 0 | AN49: Pesos
J50: Pasivo corriente-->
B51: Capacidad Organizacional | D51: Rentabilidad Del Patrimonio | J51: Utilidad Operacional--> | AF51: =+IFERROR(R51/R52,0) -> 0 | AJ51: =+IFERROR(Y51/Y52,0) -> 0 | AN51: Porcentaje
J52: Patrimonio-->
D53: Rentabilidad Del Activo | J53: Utilidad Operacional--> | AF53: =+IFERROR(R53/R54,0) -> 0 | AJ53: =+IFERROR(Y53/Y54,0) -> 0 | AN53: Porcentaje
J54: Activo Total-->
B55: Nota: Para las empresas inspeccionadas, vigiladas o controladas por la Supersociedades, la información consignada en este numeral será validada con la reportada a la Supersociedades y disponible para consulta en Internet mediante el Sistema de Información y Riesgo Empresarial de la Supersociedades (SIREM). Si se evidencian diferencias en los valores consignados en este formato y los reportados a la Supersociedades se tomará como referencia la información del SIREM.
B56: Otra información relevante de la empresa (consigne en este espacio otra información que considere de interés)

Sheet INFO EXPERIENCIA
B8: EXPERIENCIA EN CONTRATACION EN LOS ULTIMOS 5 AÑOS
B9: EXPERIENCIA EN CONTRATACIÓN EN LOS ÚLTIMOS 5 AÑOS
B11: Empresa: | C11: =AGENCIA!D12 -> 0 | F11: Nit: | G11: =AGENCIA!I12 -> 0 | I11: Fecha: | J11: =AGENCIA!L12 -> 0
B12: Contacto: | C12: =AGENCIA!D13 -> 0 | F12: Cargo: | G12: =AGENCIA!I13 -> 0 | I12: Tel. celular: | J12: =AGENCIA!L13 -> 0
B13: E-Mail: | C13: =AGENCIA!D14 -> 0 | F13: Dirección: | G13: =AGENCIA!I14 -> 0 | I13: Tel. fijo: | J13: =AGENCIA!L14 -> 0
B15: Con el fin de conocer la experiencia con la que cuentan las empresas del sector relacionada con el objeto del presente estudio de mercado, agradecemos diligenciar el cuadro que sigue con base en los contratos suscritos en los últimos 5 años, cuyos objetos están relacionados con el objeto del presente estudio de mercado
B17: Tipo de entidad | C17: Entidad o Empresa | D17: Numero del contrato | E17: Objeto del contrato | F17: Fecha de suscripción (dd/mmm/aa) | G17: Plazo de ejecución (en años) | H17: Forma de participación (UT, consorcio, individual) | I17: % de participación | J17: Valor total ejecutado del contrato (de acuerdo con el % de participación)
B29: Nota: Agregar las filas necesarias para reportar la experiencia

Sheet POLIZAS
B8: CONCEPTOS A TENER EN CUENTA PARA REALIZAR LA COTIZACIÓN DE DOTACIÓN INDUSTRIAL
B11: El presente cuadro es de carácter informativo, no se debe diligenciar. Sin embargo se entiende que la cotización incluye la totalidad de los conceptos relacionados a continuación.
B13: PÓLIZAS PARA LEGALIZACIÓN DEL CONTRATO
B15: CONCEPTO | D15: COBERTURA | E15: PLAZO (En Meses)
B16: Garantía de Seriedad de la oferta | D16: 0.1 | E16: Plazo de Ejecución
B17: Cumplimiento | D17: 0.2 | E17: Plazo de ejecución + 4 meses mas
B18: Salarios, Prestaciones | D18: 0.1 | E18: Plazo de ejecución + 36 meses mas
B19: Calidad de los Servicios | D19: 0.2 | E19: Plazo de ejecución + 4 meses mas
B20: Responsabilidad civil extracontractual | D20: 0.1 | E20: Plazo de Ejecución
B21: Cobertura: Corresponde al porcentaje del valor total del contrato a amparar.
